 Dungeon Crawl Stone Soup version 0.18.1-50-g88ac8fd (webtiles) character file.

19480 Gorglomux the Grappler (level 12, -1/118 HPs)
             Began as a Troll Monk on Oct 30, 2016.
             Was a High Priest of Okawaru.
             Killed from afar by an electric eel (12 damage)
             ... with a bolt of electricity
             ... on level 3 of the Lair of Beasts.
             The game lasted 00:33:20 (12737 turns).

Gorglomux the Grappler (Troll Monk)                Turns: 12737, Time: 00:33:21

Health: -1/118     AC:  7    Str: 26    XL:     12   Next: 36%
Magic:  26/26      EV: 12    Int:  9    God:    Okawaru [*****.]
Gold:   980        SH:  0    Dex: 12    Spells: 0 memorised, 11 levels left

rFire  . . .     SeeInvis .       - Unarmed
rCold  . . .     Gourm    +     a - +0 robe
rNeg   . . .     Faith    .     (no shield)
rPois  .         Spirit   .     (helmet restricted)
rElec  .         Dismiss  .     f - +1 cloak {+Inv}
rCorr  .         Reflect  .     (gloves unavailable)
SustAt .         Harm     .     (boots unavailable)
MR     .....                    (no amulet)
Stlth  ++........               Q - ring of magical power
                                K - +3 ring of intelligence

@: not resistant to hostile enchantments, unstealthy
A: unfitting armour, claws 3, fast metabolism 3, gourmand, regeneration 2,
shaggy fur 1, tough skin 2
a: Heroism, Finesse, Renounce Religion, Evoke Invisibility


You were on level 3 of the Lair of Beasts.
You worshipped Okawaru.
Okawaru was extremely pleased with you.
You were full.

You visited 3 branches of the dungeon, and saw 15 of its levels.
You visited the Abyss 1 time.
You also visited: Sewer.

You collected 980 gold pieces.

Inventory:

Hand Weapons
 T - a +0 quarterstaff
Missiles
 O - 5 tomahawks of returning (quivered)
 S - 5 large rocks
Armour
 a - a +0 robe (worn)
 f - a +1 cloak of invisibility (worn)
Jewellery
 K - a +3 ring of intelligence (left claw)
 Q - a ring of magical power (right claw)
Wands
 l - a wand of flame (16/48)
 v - a wand of acid (9/15)
 y - a wand of iceblast (1/15)
 E - a wand of flame (27/48)
 H - a wand of teleportation (0/9)
 N - a wand of enslavement (2/24)
 R - a wand of paralysis (10/24)
Scrolls
 c - 11 scrolls of teleportation
 e - 3 scrolls of noise {unknown}
 h - a scroll of random uselessness {unknown}
 i - 8 scrolls of remove curse
 k - 5 scrolls of amnesia
 m - 4 scrolls of enchant weapon {unknown}
 r - 4 scrolls of magic mapping {unknown}
 s - 4 scrolls of blinking {unknown}
 B - 3 scrolls of recharging {unknown}
 D - 4 scrolls of enchant armour {unknown}
 F - 3 scrolls of immolation {unknown}
 J - a scroll of holy word {unknown}
 L - a scroll of acquirement {unknown}
 M - a scroll of silence {unknown}
 U - a scroll of vulnerability {unknown}
Potions
 d - 3 potions of berserk rage
 j - 2 potions of cure mutation
 n - 12 potions of curing {unknown}
 o - 3 potions of heal wounds
 q - 4 potions of haste
 t - 5 potions of might
 w - 3 potions of agility
 x - a potion of lignification
 z - a potion of resistance
 A - a potion of cancellation {unknown}
 C - 2 potions of brilliance
 P - 2 potions of mutation
Books
 I - a book of Maledictions

   Spells                             Type                      Level
   a - Corona                         Hexes                        1
   b - Ensorcelled Hibernation        Hexes/Ice                    2
   c - Confuse                        Hexes                        3
   d - Tukima's Dance                 Hexes                        3
   e - Dazzling Spray                 Conjuration/Hexes            3
Comestibles
 b - 17 bread rations
 g - 2 slices of pizza
 p - 3 meat rations
 u - 3 beef jerkies
 G - 32 fruits


   Skills:
 + Level 7.5 Fighting
 + Level 3.1 Throwing
 + Level 4.5 Armour
 - Level 5.0 Dodging
 - Level 1.1 Stealth
 + Level 13.6 Unarmed Combat
 - Level 9.3 Invocations


You had 11 spell levels left.
You didn't know any spells.

Dungeon Overview and Level Annotations

Branches:
Dungeon (11/15)            Temple (1/1) D:5            Lair (3/8) D:11
  Swamp (0/4) Lair:3          Orc (0/2) D:9
  Snake: Lair:3-6    Spider: Lair:3-6

Altars:
Ashenzari
Cheibriados
Dithmenos
Elyvilon
Fedhas
Gozag
Kikubaaqudgha
Makhleb
Nemelex Xobeh
Okawaru
Pakellas
Qazlal
Ru
Sif Muna
Trog
Vehumet
Xom
Yredelemnul
Zin
The Shining One


Innate Abilities, Weirdness & Mutations

You are too large for most types of armour.
You have claws for hands.
Your metabolism is lightning-fast.
You like to eat raw meat.
You heal very quickly.
You are covered in fur (AC +1).
You have very tough skin (AC +2).


Message History

The electric eel shoots out a bolt of lightning at you!
The bolt of electricity hits the electric eel.
The electric eel completely resists.
The bolt of electricity hits you!
* * * LOW HITPOINT WARNING * * *
The electric eel shoots out a bolt of lightning at you!
The bolt of electricity hits you!
* * * LOW HITPOINT WARNING * * *
Drink which item? (? for menu, Esc to quit)
You feel much better.
The electric eel shoots out a bolt of lightning at you!
The bolt of electricity hits you!
* * * LOW HITPOINT WARNING * * *
The bolt of electricity hits the plant.
The electric eel shoots out a bolt of lightning at you!
The bolt of electricity misses the electric eel.
The bolt of electricity hits you!
* * * LOW HITPOINT WARNING * * *
The electric eel shoots out a bolt of lightning at you!
The bolt of electricity hits you!
You die...

+. #..## #. ....+
.. .###.## #..P
...
.P...§.##..###..
.......§....#.###.
...≈≈≈§§..........
..≈≈≈§;§..........
..§§§;;...........
..§§§§;.@.<.......
..§≈§§............
........#....P..##
#.......#....##.P.
##.###.##..(.# ..
## .# #.....# . ..
........ ...
.....##.


You could see 4 electric eels.

Vanquished Creatures
  Fannar (Lair:1)
  2 hydras
  Urug (D:10)
  Sonja (Lair:1)
  A hill giant (D:11)
  2 ugly things
  2 centaur zombies
  A black mamba (Lair:2)
  Joseph (Lair:1)
  A centaur skeleton (D:11)
  An orange demon (Abyss:2)
  A gargoyle (D:10)
  4 spiny frogs
  An ancient zyme (Abyss:2)
  A troll (D:10)
  A two-headed ogre (D:8)
  Sigmund (D:5)
  2 wyverns
  A wraith (D:10)
  24 yaks
  A hippogriff (D:10)
  A steam dragon (D:10)
  A hungry ghost (D:8)
  3 water moccasins
  5 porcupines
  Duvessa (D:5)
  6 ice beasts
  3 orc warriors
  A sky beast (D:9)
  A black bear (D:6)
  2 necrophages
  4 ogres
  3 phantoms
  4 centaurs
  3 crocodiles
  Blork the orc (D:4)
  12 giant frogs
  4 big kobolds
  Dowan (D:5)
  A scorpion (D:6)
  4 killer bees (D:7)
  6 howler monkeys
  4 electric eels
  3 jellies
  2 crimson imps
  2 giant frog zombies
  2 quasits
  3 orc priests
  5 hounds
  A giant frog skeleton (D:6)
  7 orc wizards
  9 iguanas
  8 worker ants
  2 killer bee zombies
  A hound zombie (D:8)
  2 hound skeletons
  11 adders
  6 river rats (Lair:2)
  A shadow imp (D:8)
  5 oozes
  5 adder skeletons
  2 adder zombies
  8 worms
  A dart slug (D:2)
  10 giant geckos
  32 orcs
  14 bats
  10 giant cockroaches
  3 goblins
  11 hobgoblins
  10 jackals
  4 quokkas
  3 ball pythons
  4 giant newts
  A jackal zombie (D:6)
  20 kobolds
  A quokka zombie (D:8)
  7 rats
338 creatures vanquished.

Notes
Turn   | Place    | Note
--------------------------------------------------------------
     0 | D:1      | Gorglomux the Troll Monk began the quest for the Orb.
     0 | D:1      | Reached XP level 1. HP: 22/22 MP: 0/0
   188 | D:1      | Reached XP level 2. HP: 29/29 MP: 1/1
   734 | D:2      | Found a shadowy altar of Dithmenos.
   753 | D:2      | Reached skill level 5 in Unarmed Combat
   753 | D:2      | Reached XP level 3. HP: 36/36 MP: 2/2
  1097 | D:2      | Reached XP level 4. HP: 44/44 MP: 3/3
  1617 | D:3      | Reached skill level 6 in Unarmed Combat
  1804 | D:3      | Found a stormy altar of Qazlal.
  1805 | D:3      | Noticed an air elemental
  1806 | D:3      | Noticed an earth elemental
  1806 | D:3      | Noticed a water elemental
  1806 | D:3      | Noticed a fire elemental
  1820 | D:3      | Reached XP level 5. HP: 47/50 MP: 4/4
  2211 | D:4      | Noticed a phantom
  2221 | D:4      | Killed a phantom
  2221 | D:4      | Reached skill level 7 in Unarmed Combat
  2480 | D:4      | Noticed Blork the orc
  2496 | D:4      | Killed Blork the orc
  2496 | D:4      | Reached XP level 6. HP: 55/59 MP: 5/5
  2682 | D:4      | Reached skill level 8 in Unarmed Combat
  2822 | D:5      | Entered Level 5 of the Dungeon
  2844 | D:5      | Found a sacrificial altar of Ru.
  2974 | D:5      | Reached XP level 7. HP: 66/66 MP: 6/6
  2991 | D:5      | Found a staircase to the Ecumenical Temple.
  3173 | D:5      | Found a sacrificial altar of Ru.
  3177 | D:5      | Noticed Dowan
  3180 | D:5      | Noticed Duvessa
  3185 | D:5      | Killed Duvessa
  3185 | D:5      | Reached skill level 9 in Unarmed Combat
  3186 | D:5      | Killed Dowan
  3478 | D:5      | Noticed Sigmund
  3493 | D:5      | Killed Sigmund
  3493 | D:5      | Reached skill level 10 in Unarmed Combat
  3759 | D:6      | Reached XP level 8. HP: 61/74 MP: 7/7
  4015 | D:6      | Found a glowing drain.
  4033 | Sewer    | Entered a sewer
  4462 | D:6      | Reached skill level 11 in Unarmed Combat
  5111 | Temple   | Entered the Ecumenical Temple
  5208 | Temple   | Became a worshipper of Warmaster Okawaru
  5208 | Temple   | Reached * piety under Okawaru
  5208 | Temple   | Reached ** piety under Okawaru
  5250 | D:7      | Reached skill level 1 in Invocations
  5368 | D:7      | Reached XP level 9. HP: 68/83 MP: 9/9
  5427 | D:7      | Found a snail-covered altar of Cheibriados.
  5744 | D:7      | Found a glowing golden altar of the Shining One.
  6110 | D:8      | Reached *** piety under Okawaru
  7191 | D:9      | Reached skill level 5 in Fighting
  7191 | D:9      | Reached skill level 12 in Unarmed Combat
  7254 | D:9      | Reached skill level 5 in Invocations
  7292 | D:9      | Reached **** piety under Okawaru
  7441 | D:9      | Found a staircase to the Orcish Mines.
  7682 | D:9      | Reached XP level 10. HP: 94/96 MP: 10/13
  7764 | D:9      | Found a radiant altar of Vehumet.
  7765 | D:9      | Found a burning altar of Makhleb.
  8052 | D:9      | Found a sparkling altar of Nemelex Xobeh.
  8158 | D:10     | Entered Level 10 of the Dungeon
  8158 | D:10     | Noticed a red ugly thing
  8214 | D:10     | Killed a red ugly thing
  8644 | D:10     | Noticed a gargoyle
  8654 | D:10     | Killed a gargoyle
  8901 | D:10     | Noticed Urug
  8921 | D:10     | Killed Urug
  9260 | D:10     | Reached ***** piety under Okawaru
  9487 | D:11     | Reached XP level 11. HP: 71/109 MP: 15/15
  9608 | D:11     | Noticed a brown ugly thing
  9618 | D:11     | Killed a brown ugly thing
  9618 | D:11     | Reached skill level 1 in Armour
  9869 | D:11     | Noticed a hill giant
  9875 | D:11     | Killed a hill giant
  9875 | D:11     | Received a gift from Okawaru
  9997 | D:11     | Found a staircase to the Lair.
 10012 | Lair:1   | Entered Level 1 of the Lair of Beasts
 10268 | Lair:1   | Noticed Joseph
 10291 | Lair:1   | Killed Joseph
 10291 | Lair:1   | Reached skill level 13 in Unarmed Combat
 10483 | Lair:1   | Noticed a six-headed hydra
 10503 | Lair:1   | Killed a 13-headed hydra
 10918 | Lair:1   | Noticed Fannar
 10935 | Lair:1   | Killed Fannar
 10999 | Lair:1   | Noticed Sonja
 11006 | Lair:1   | Cast into level 2 of the Abyss (Sonja)
 11187 | Abyss:2  | Noticed a starcursed mass
 11225 | Lair:1   | Escaped the Abyss
 11230 | Lair:1   | Killed Sonja
 11230 | Lair:1   | Received a gift from Okawaru
 11230 | Lair:1   | Reached skill level 1 in Throwing
 11511 | Lair:1   | Reached XP level 12. HP: 64/118 MP: 17/17
 11734 | Lair:2   | Noticed an eight-headed hydra
 11864 | Lair:2   | Reached skill level 5 in Dodging
 11942 | Lair:2   | Killed an 11-headed hydra
 12725 | Lair:3   | Found a staircase to the Swamp.
 12736 | Lair:3   | HP: 5/118 [electric eel/bolt of electricity (12)]
 12737 | Lair:3   | Killed from afar by an electric eel

Skill      XL: |  1  2  3  4  5  6  7  8  9 10 11 12 |
---------------+-------------------------------------+-----
Unarmed Combat | 5 6 7 8 10 11 12 13 | 13.6
Invocations    | 2 5 7 9 |  9.3
Fighting       | 3 5 7 |  7.5
Armour         | 3 4 |  4.5
Dodging        | 4 5 |  5.0
Throwing       | 1 3 |  3.1
Stealth        | |  1.1

Action                   |  1- 3 |  4- 6 |  7- 9 | 10-12 || total
-------------------------+-------+-------+-------+-------++-------
Melee: Unarmed           |    73 |   139 |   358 |   414 ||   984
       Punch             |     1 |     2 |    18 |    35 ||    56
Throw: Tomahawk          |       |       |       |     5 ||     5
Invok: Heroism           |       |       |     4 |    11 ||    15
       Finesse           |       |       |       |     9 ||     9
Evoke: Wand              |       |       |       |     4 ||     4
  Use: Scroll            |       |       |     9 |     4 ||    13
       Potion            |       |       |       |     1 ||     1
 Stab: Sleeping          |     1 |     3 |     3 |     3 ||    10
       Paralysed         |       |       |       |     3 ||     3
  Eat: Chunk             |    15 |    16 |    47 |    45 ||   123
Armor: Robe              |    26 |    37 |   103 |    71 ||   237
Dodge: Dodged            |    32 |    65 |   164 |   178 ||   439
